 Dungeon Crawl Stone Soup version 0.21.1-1-g345015f (webtiles) character file.

564 Mirai the Thaumaturge (level 7, -3/36 HPs)
             Began as a Deep Elf Conjurer on Apr 4, 2018.
             Killed by divine providence
             ... invoked by an orc priest
              (13 damage)
             ... on level 6 of the Dungeon.
             The game lasted 00:10:49 (3364 turns).

Mirai the Thaumaturge (Deep Elf Conjurer)           Turns: 3364, Time: 00:10:50

Health: -3/36      AC:  6    Str:  5    XL:     7   Next: 10%
Magic:  1/22       EV: 13    Int: 22    God:
Gold:   181        SH:  0    Dex: 15    Spells: 15/26 levels left

rFire    . . .     SeeInvis .   e - +0 dagger
rCold    . . .     Gourm    .   (no shield)
rNeg     + . .     Faith    .   a - +0 robe
rPois    .         Spirit   .   (no helmet)
rElec    .         Reflect  .   (no cloak)
rCorr    .         Harm     .   (no gloves)
MR       .....                  (no boots)
Stlth    ++........             (no amulet)
HPRegen  0.12/turn              j - ring of positive energy
MPRegen  0.18/turn              k - +4 ring of protection

@: no status effects
A: no striking features
a: no special abilities


You were on level 6 of the Dungeon.
You were not hungry.

You visited 1 branch of the dungeon, and saw 4 of its levels.

You collected 181 gold pieces.

Inventory:

Hand Weapons
 e - a +0 dagger (weapon)
Armour
 a - a +0 robe (worn)
 n - a +0 pair of gloves
Jewellery
 j - a ring of positive energy (left hand)
 k - a +4 ring of protection (right hand)
 t - an uncursed ring of positive energy
 v - an uncursed ring of magical power {unknown}
Wands
 d - a wand of paralysis (16)
 r - a wand of polymorph (20)
Scrolls
 f - 2 scrolls of amnesia {unknown}
 g - 6 scrolls of identify {unknown}
 o - 3 scrolls of fear {unknown}
 s - a scroll of remove curse {unknown}
 u - 2 scrolls of teleportation {unknown}
 w - a scroll of noise {unknown}
Potions
 i - 2 potions of heal wounds {unknown}
 l - a potion of degeneration {unknown}
 m - a potion of curing {unknown}
 p - a potion of mutation {unknown}
 q - a potion of haste {unknown}
Books
 b - a book of Conjurations

   Spells                             Type                      Level
   a - Magic Dart                     Conjuration                  1
   b - Searing Ray                    Conjuration                  2
   c - Dazzling Spray                 Conjuration/Hexes            3
   d - Fulminant Prism                Conjuration/Hexes            4
   e - Force Lance                    Conjuration/Translocation    4
   f - Iskenderun's Mystic Blast      Conjuration                  4
Comestibles
 c - 7 rations


   Skills:
 - Level 2.4 Dodging
 - Level 2.4 Stealth
 + Level 10.3 Spellcasting
 - Level 4.3 Conjurations


You had 15 spell levels left.
You knew the following spells:

 Your Spells              Type           Power        Failure   Level  Hunger
a - Magic Dart            Conj           ####         1%          1    None
b - Searing Ray           Conj           ####..       1%          2    None
c - Iskenderun's Mystic   Conj           ####....     10%         4    ##.....
d - Fulminant Prism       Conj/Hex       ###.......   24%         4    ##.....


Dungeon Overview and Level Annotations

Branches:
Dungeon (3/15)

Altars:
Okawaru
Wu Jian
Xom

Shops:
D:6 *


Message History

You finish channeling your searing ray.
The orc wizard points at you and mumbles some strange words.
The puff of frost hits you!
The orc wizard gestures at you while chanting.
The puff of flame hits you! The orc wizard closely misses you.
The orc priest looks encouraged for a moment.
The orc wizard hits you with a dagger!
* * * LOW HITPOINT WARNING * * *
Casting: Searing Ray
Confirm with . or Enter, or press ? or * to list all spells.
You don't have enough magic to cast that spell.
Unknown command.
Evoke which item? (* to show all) (? for menu, Esc to quit)
Aiming: Paralyse
Press: ? - help, Shift-Dir - straight line, f/p - orc priest
Aim: an orc priest, wielding a club and wearing a chain mail (severely wounded, chance to defeat MR: 46%)
The orc wizard suddenly stops moving!
The orc priest calls down the wrath of Beogh upon you.
Beogh smites you!
You die...

#........#.##.........>..........
#........#.##..........###.......
#........#.##..........# #.......
#........#.############# #.......
#........#.# ##### #.......
#........### ###...##########
#........# ###...#...### #
########## ###...#####...### #
.%... ###oo@#####...#...####
...†.##...#####...#####...##
....)...#####...### #.#...
....#)#####...### #.###. ..
#.###...### #.# #. #.#...### #.#
#. #...### #.# #. #.### #.# #.
#(# #.# #.


You could see an orc priest and an orc wizard (paralysed).

Vanquished Creatures
  A black bear (D:6)
  A phantom (D:6)
  A bullfrog (D:6)
  A bullfrog zombie (D:6)
  3 hounds (D:6)
  A centaur skeleton (D:6)
  An iguana (D:6)
  A worker ant (D:6)
  2 adders
  A shadow imp (D:6)
  A worm (D:2)
  A dart slug (D:1)
  3 leopard geckos
  5 orcs (D:6)
  9 bats
  6 giant cockroaches
  A goblin (D:2)
  7 hobgoblins
  16 jackals
  5 kobolds
  3 quokkas
  4 frilled lizards
  10 rats
84 creatures vanquished.

Notes
Turn   | Place    | Note
-------+----------+-------------------------------------------
     0 | D:1      | Mirai the Deep Elf Conjurer began the quest for the Orb.
     0 | D:1      | Reached XP level 1. HP: 10/10 MP: 6/6
   268 | D:1      | Reached skill level 4 in Spellcasting
   268 | D:1      | Reached XP level 2. HP: 9/15 MP: 0/9
   272 | D:1      | Learned a level 2 spell: Searing Ray
   632 | D:1      | Reached XP level 3. HP: 19/19 MP: 2/11
   634 | D:1      | Reached skill level 5 in Spellcasting
  1655 | D:2      | Reached XP level 4. HP: 22/24 MP: 6/13
  1657 | D:2      | Reached skill level 6 in Spellcasting
  2096 | D:2      | Found an ornate altar of the Wu Jian Council.
  2126 | D:2      | Learned a level 4 spell: Iskenderun's Mystic Blast
  2131 | D:2      | Learned a level 4 spell: Fulminant Prism
  2186 | D:3      | You fall through a shaft for 3 floors!
  2186 | D:6      | Noticed a black bear
  2197 | D:6      | Killed a black bear
  2197 | D:6      | Reached skill level 7 in Spellcasting
  2197 | D:6      | Reached XP level 5. HP: 18/28 MP: 6/17
  2285 | D:6      | Found a shimmering altar of Xom.
  2317 | D:6      | Reached skill level 8 in Spellcasting
  2368 | D:6      | Reached XP level 6. HP: 7/32 MP: 8/19
  2383 | D:6      | Reached skill level 9 in Spellcasting
  2738 | D:6      | Found an iron altar of Okawaru.
  2916 | D:6      | Found Careocw's Assorted Antiques.
  3021 | D:6      | Reached skill level 10 in Spellcasting
  3075 | D:6      | Reached XP level 7. HP: 34/36 MP: 14/22
  3364 | D:6      | Killed from afar by an orc priest

Skill      XL: |  1  2  3  4  5  6 |
---------------+-------------------+-----
Spellcasting   | 4 5 7 8 10 | 10.3
Dodging        | |  2.4
Stealth        | |  2.4
Conjurations   | |  4.3

Action                   |  1- 3 |  4- 6 |  7- 9 || total
-------------------------+-------+-------+-------++-------
Melee: Dagger            |    10 |    20 |       ||    30
 Cast: Magic Dart        |    80 |    66 |       ||   146
       Searing Ray       |     3 |     9 |     3 ||    15
       Iskenderun's Myst |       |       |     4 ||     4
Evoke: Wand              |       |       |     1 ||     1
  Use: Potion            |       |     1 |       ||     1
  Eat: Chunk             |     2 |     4 |     1 ||     7
Armor: Robe              |    12 |    14 |     1 ||    27
       Skin              |       |     5 |       ||     5
Dodge: Dodged            |    49 |    45 |     2 ||    96
